Map: Deathaura LE

Players

Stats

  • Race: Protoss Protoss
  • League: Grandmaster
  • Spawn Location: 11:00

Trap - Winner!

  • Race: Protoss Protoss
  • League: Master
  • Spawn Location: 5:00

Event: DreamHack SC2 Masters 2020 Fall

VOD

Have the link to the VOD?

Description

Time

  • Played on: Sept. 19, 2020, 10:20 a.m.
  • Length: 8:08

All games in this series

Show
View Real Time Build Order
Export as new Build Order

Stats Protoss 

Build Orders: Phoenix Opening 

Get SALT Encoding   

  12  0:00  Probe  
  13  0:12  Probe  
  14  0:17  Pylon  
  14  0:24  Probe (Chrono Boost)  
  15  0:36  Probe (Chrono Boost)  
  15  0:37  Gateway  
  16  0:44  Probe (Chrono Boost)  
  16  0:45  Assimilator  
  17  0:51  Probe  
  17  0:54  Assimilator  
  18  1:03  Probe (Chrono Boost)  
  19  1:07  Gateway  
  19  1:14  Probe (Chrono Boost)  
  20  1:19  Probe (Chrono Boost)  
  20  1:24  Cybernetics Core  
  21  1:29  Probe  
  22  1:35  Pylon  
  22  1:41  Probe  
  23  1:53  Probe  
  24  2:00  Stalker x2  
  18  2:01  Warp Gate  
  28  2:06  Probe  
  29  2:12  Pylon  
  29  2:32  Sentry  
  29  2:36  Sentry  
  33  2:46  Nexus  
  33  2:48  Probe  
  34  2:54  Shield Battery  
  34  2:59  Sentry  
  34  3:03  Shield Battery  
  36  3:06  Phoenix  
  36  3:08  Probe  
  37  3:15  Pylon  
  37  3:24  Probe  
  38  3:36  Probe  
  38  3:40  Twilight Council  
  40  3:48  Probe (Chrono Boost)  
  40  3:49  Stalker x2  
  44  3:58  Probe (Chrono Boost)  
  44  4:00  Probe (Chrono Boost)  
  46  4:02  Shield Battery  
  46  4:08  Probe x2 (Chrono Boost)  
  36  4:20  Stalker  
  36  4:21  Stalker  
  36  4:22  Probe (Chrono Boost)  
  42  4:25  Blink  
  42  4:26  Probe (Chrono Boost)  
  42  4:31  Shield Battery  
  42  4:34  Probe (Chrono Boost)  
  42  4:39  Probe (Chrono Boost)  
  42  4:41  Probe (Chrono Boost)  
  40  4:52  Probe (Chrono Boost)  
  41  4:57  Robotics Facility, Probe (Chrono Boost)  
  42  5:00  Sentry  
  42  5:03  Probe (Chrono Boost)  
  42  5:06  Probe (Chrono Boost)  
  46  5:12  Probe (Chrono Boost)  
  46  5:13  Probe (Chrono Boost), Pylon  
  48  5:15  Pylon  
  48  5:18  Probe (Chrono Boost)  
  50  5:25  Probe (Chrono Boost)  
  51  5:29  Probe (Chrono Boost)  
  51  5:33  Probe x2 (Chrono Boost)  
  53  5:40  Assimilator  
  53  5:42  Assimilator  
  53  5:43  Forge, Probe, Stalker  
  53  5:44  Probe  
  53  5:45  Adept  
  56  5:57  Probe  
  56  6:01  Probe  
  57  6:04  Phoenix  
  57  6:05  Observer  
  57  6:06  Stalker  
  57  6:07  Stalker  
  57  6:09  Probe  
  61  6:17  Probe  
  60  6:21  Probe  
  61  6:29  Probe  
  61  6:32  Probe  
  62  6:33  Immortal (Chrono Boost)  
  67  6:40  Probe  
  67  6:41  Probe  
  69  6:48  Probe  
  69  6:54  Probe  
  71  6:55  Gateway  
  71  6:56  Gateway  
  71  7:06  Robotics Bay, Probe  
  76  7:08  Observer, Immortal  
  76  7:18  Pylon  
  76  7:19  Pylon  
  76  7:22  Sentry  
  78  7:27  Gateway x2  
  78  7:33  Shield Battery  
  78  7:34  Shield Battery  
  76  7:46  Stalker  
  76  7:51  Stalker  
  82  7:55  Stalker  
  82  7:57  Stalker  
Show
View Real Time Build Order
Export as new Build Order

Trap Protoss - Winner!

Build Orders: Archon Immortal 

Get SALT Encoding   

  12  0:00  Probe  
  13  0:12  Probe  
  14  0:17  Pylon  
  14  0:24  Probe (Chrono Boost)  
  15  0:36  Gateway, Probe (Chrono Boost)  
  16  0:44  Probe (Chrono Boost)  
  16  0:49  Assimilator  
  17  0:50  Probe  
  18  0:57  Assimilator  
  18  1:03  Probe (Chrono Boost)  
  19  1:08  Gateway  
  19  1:13  Probe (Chrono Boost)  
  19  1:18  Probe (Chrono Boost)  
  20  1:23  Cybernetics Core  
  21  1:29  Probe  
  22  1:37  Pylon  
  22  1:41  Probe  
  23  1:55  Probe  
  23  1:57  Warp Gate (Chrono Boost)  
  23  2:00  Adept x2  
  28  2:09  Pylon  
  28  2:30  Adept x2  
  31  2:46  Nexus  
  31  2:49  Probe  
  32  3:00  Adept  
  32  3:01  Adept  
  36  3:06  Probe  
  37  3:16  Pylon  
  37  3:18  Probe  
  38  3:25  Robotics Facility  
  38  3:30  Probe  
  39  3:38  Adept  
  39  3:39  Adept  
  43  3:42  Probe (Chrono Boost)  
  44  3:52  Probe (Chrono Boost)  
  44  3:54  Pylon  
  45  3:59  Sentry  
  45  4:00  Sentry  
  45  4:01  Probe (Chrono Boost)  
  51  4:07  Probe (Chrono Boost)  
  52  4:10  Probe (Chrono Boost)  
  52  4:14  Probe (Chrono Boost)  
  52  4:15  Probe (Chrono Boost)  
  48  4:24  Forge  
  48  4:26  Probe  
  48  4:27  Probe  
  48  4:31  Warp Prism (Chrono Boost)  
  50  4:38  Sentry  
  46  4:48  Probe x2  
  46  4:54  Shield Battery  
  46  4:55  Stalker  
  46  4:59  Protoss Ground Weapons Level 1  
  48  5:01  Immortal (Chrono Boost)  
  48  5:04  Stalker  
  48  5:05  Probe  
  55  5:07  Probe  
  55  5:11  Assimilator  
  56  5:14  Assimilator  
  56  5:20  Twilight Council  
  56  5:27  Adept x2  
  60  5:31  Immortal (Chrono Boost)  
  64  5:40  Pylon  
  64  5:43  Probe x2  
  66  5:53  Gateway  
  66  5:55  Gateway  
  66  5:58  Charge  
  66  6:03  Templar Archives, Probe x2  
  68  6:11  Immortal (Chrono Boost)  
  68  6:21  Probe x2  
  70  6:25  Gateway  
  70  6:27  Pylon  
  70  6:31  Gateway  
  70  6:37  Gateway  
  70  6:43  High Templar  
  70  6:44  Observer  
  73  6:49  High Templar  
  73  6:53  Pylon  
  73  6:54  Zealot x2, Archon  
  79  7:05  Nexus  
  79  7:06  Immortal (Chrono Boost)  
  83  7:27  High Templar x2  
  83  7:28  Zealot x3  
  93  7:31  Archon  
  93  7:32  Pylon  
  93  7:34  Pylon  
  93  7:56  Zealot x5  
  101  8:02  Zealot  
  101  8:03  Zealot  

Tags
 
Add a new tag
Caveats
  • Supply blocks, unpowered buildings, or Contaminate may cause inaccurate times.
  • Supply counts are checked every 10 seconds.